 Dungeon Crawl Stone Soup version 0.29.0-5-ge4962eb29e (webtiles) character file.

Game seed: 13240838981727305229

154 RascalDebosk the Covered (level 5, -3/47 HPs)
             Began as a Minotaur Fighter on Aug 29, 2022.
             Slain by a gnoll
             ... wielding a +0 halberd
              (11 damage)
             ... on level 3 of the Dungeon.
             The game lasted 00:19:16 (2397 turns).

RascalDebosk the Covered (Minotaur Fighter)         Turns: 2397, Time: 00:19:21

Health: -3/47      AC:  7    Str: 29    XL:     5   Next: 13%
Magic:  4/4        EV:  9    Int:  5    God:
Gold:   174        SH:  4    Dex:  9    Spells: 4/4 levels left

rFire   . . .      SeeInvis +   a - +0 war axe
rCold   . . .      Faith    .   c - +0 buckler
rNeg    . . .      Spirit   .   b - +0 scale mail
rPois   .          Reflect  .   (helmet restricted)
rElec   .          Harm     .   (no cloak)
rCorr   .          Rampage  .   (no gloves)
Will    .....                   (no boots)
Stlth   ..........              (no amulet)
HPRegen 0.15/turn               q - +6 ring of strength
MPRegen 0.09/turn               s - ring of see invisible

@: no status effects
A: horns 2, retaliatory headbutt
a: no special abilities


You were on level 3 of the Dungeon.
You visited 1 branch of the dungeon, and saw 4 of its levels.

You collected 174 gold pieces.

Inventory:

Hand Weapons
 a - a +0 war axe (weapon)
Missiles
 e - 42 stones
 k - 10 boomerangs
 t - 4 curare-tipped darts (quivered)
Armour
 b - a +0 scale mail (worn)
 c - a +0 buckler (worn)
Magical Staves
 y - a staff of cold
Jewellery
 q - a +6 ring of strength (left hand)
 s - a ring of see invisible (right hand)
Wands
 v - a wand of roots (10)
Scrolls
 f - 2 scrolls of vulnerability
 l - a scroll of teleportation
 o - a scroll of fear {unknown}
 p - a scroll of blinking
 u - a scroll of noise {unknown}
 z - a scroll of enchant armour {unknown}
Potions
 d - 3 potions of might
 g - a potion of brilliance
 h - 8 potions of curing
 m - 3 potions of lignification
 w - a potion of degeneration
 x - a potion of attraction {unknown}


   Skills:
 + Level 4.6 Fighting
 + Level 3.6 Axes
 + Level 1.4 Throwing
 + Level 4.6 Armour
 + Level 4.5 Shields


You had 4 spell levels left.
You didn't know any spells.
Your spell library contained the following spells:

 Spells                   Type           Power      Damage    Failure   Level
 Ozocubu's Armour         Ice            0%         N/A       99%         3
 Ozocubu's Refrigeration  Ice            0%         4d7       100%        7


Dungeon Overview and Level Annotations

Branches:
Dungeon (4/15)
 Temple: D:4-7

Altars:


Innate Abilities, Weirdness & Mutations

You have a pair of horns on your head.
You reflexively headbutt those who attack you in melee.


Message History

You feel sick.
You are no longer poisoned.
The gnoll hits you but does no damage. The kobold hits you with a +0 dagger.
* * * LOW HITPOINT WARNING * * *
The gnoll hits you but does no damage. The gnoll hits you with a +0 flail!
* * * LOW HITPOINT WARNING * * *
You climb upwards.
There is a stone staircase leading down here.
You feel much better. The gnoll hits you with a +0 whip.
You block the gnoll's attack. The gnoll completely misses you.
You feel better. You block the gnoll's attack.
The gnoll hits you but does no damage. The gnoll barely misses you.
You closely miss the gnoll. You headbutt the gnoll!
You kill the gnoll!
You barely miss the gnoll. The gnoll hits you with a +0 whip.
The gnoll barely misses you. The gnoll closely misses you.
Things that are here:
a +0 flail; a +0 spear; a gnoll skeleton You hit the gnoll but do no damage.
The gnoll is heavily wounded.
You barely miss the gnoll. You block the gnoll's attack.
The gnoll hits you with a +0 halberd. The gnoll hits you with a +0 whip.
The gnoll closely misses you.
You closely miss the gnoll.
The gnoll is heavily wounded.
You closely miss the gnoll. The gnoll hits you but does no damage.
The gnoll hits you with a +0 halberd!
You barely miss the gnoll.
The gnoll is heavily wounded.
You hit the gnoll but do no damage. The gnoll hits you but does no damage.
The gnoll hits you with a +0 halberd!
* * * LOW HITPOINT WARNING * * *
You closely miss the gnoll.
The gnoll is heavily wounded.
You slash the gnoll! The gnoll hits you with a +0 whip.
* * * LOW HITPOINT WARNING * * *
The gnoll closely misses you. The gnoll barely misses you.
The gnoll hits you with a +0 halberd!
You die...

.....)# #....## #.###.# #..#
####.## #..[.# #.# #.####..#
#.# #.#### #.# #.......## #.#
#.# #.# #.#####... #.# #.# #.#
#.# ###. #.# #.# #.# #.# #.
#.# #.# #.# #.# #. #.#
#.########.# #.#######. #.#
#...Kg@g.#.# #.......>. #.#
#######....# ########<. #.#
#..### #.. #.# ######..# #..
#.# #.......# #.. #.#
##.####.## #..
#.######...###.# #..
#.##...........######## #..
#.##.###...##.........######..


You could see 2 gnolls and a kobold.

Vanquished Creatures
  Robin (D:3)
  2 gnolls (D:3)
  3 adders
  A worm (D:3)
  3 dart slugs (D:3)
  An orc (D:3)
  5 bats
  3 endoplasms
  4 giant cockroaches
  6 hobgoblins
  4 jackals
  4 quokkas
  8 ball pythons
  4 frilled lizards
  22 goblins
  4 kobolds
  8 rats
83 creatures vanquished.

Notes
Turn   | Place    | Note
-------+----------+-------------------------------------------
     0 | D:1      | RascalDebosk the Minotaur Fighter began the quest for the
                  | Orb.
     0 | D:1      | Reached XP level 1. HP: 19/19 MP: 0/0
   224 | D:1      | Reached XP level 2. HP: 19/27 MP: 1/1
   633 | D:2      | Found a faded altar of an unknown god.
   737 | D:2      | Reached XP level 3. HP: 33/33 MP: 2/2
  1030 | D:2      | You fall into a shaft and drop 1 floor!
  1297 | D:3      | Reached XP level 4. HP: 40/40 MP: 3/3
  1454 | D:3      | Reached skill level 1 in Throwing
  1912 | D:3      | Noticed Robin
  1926 | D:3      | Killed Robin
  2203 | D:2      | Reached XP level 5. HP: 47/47 MP: 4/4
  2397 | D:3      | Slain by a gnoll

Illustrated notes

Levels and vault maps discovered:
D:1:      eino_arrival_cavern_a, layout_rooms
D:2:      layout_rooms, nicolae_ecumenical_pavilion, minmay_misc_feat_diagonals,
          minmay_fractal_squares_gapless_5
D:3:      kennysheep_goblin_castle, layout_loops_ring, minivault_25
D:4:      layout_basic, nicolae_gozag_zags_fifth_avenue,
          minmay_temple_entry_stoned_glass, grunt_ministairs_14

Skill      XL: |  1  2  3  4 |
---------------+-------------+-----
Fighting       | 4 |  4.6
Armour         | 4 |  4.6
Shields        | 4 |  4.5
Axes           | 3 |  3.6
Throwing       | 1 |  1.4

Action                   |  1- 3 |  4- 6 || total
-------------------------+-------+-------++-------
Melee: War axe           |    81 |    55 ||   136
       Headbutt          |     8 |     8 ||    16
Throw: Boomerang         |     4 |       ||     4
  Use: Scroll            |       |    10 ||    10
       Potion            |       |     2 ||     2
Armor: Scale mail        |    43 |    42 ||    85
Dodge: Dodged            |    51 |    42 ||    93
Block: Buckler           |    14 |    15 ||    29
